 Dungeon Crawl Stone Soup version 0.28-a0-1234-g826d19b2e0 (webtiles) character file.

Game seed: 2550073378415831414

194252 Zonian the Eternal Night (level 17, 0/144 HPs)
             Began as a Demonspawn Wanderer on Dec 22, 2021.
             Was the Champion of Dithmenos.
             Shot with an arrow by a satyr (8 damage)
             ... on level 4 of the Shoals on Dec 23, 2021.
             The game lasted 04:01:18 (64731 turns).

Zonian the Eternal Night (Demonspawn Wanderer)     Turns: 64731, Time: 04:01:19

Health: 0/144      AC: 17    Str: 21    XL:     17   Next: 67%
Magic:  0/40       EV: 16    Int: 17    God:    Dithmenos [******]
Gold:   1107       SH:  8    Dex: 19    Spells: 6/36 levels left

rFire   + + .      SeeInvis +   N - +5 trident (freeze)
rCold   + . .      Faith    .   V - +2 buckler
rNeg    . . .      Spirit   +   Q - +3 ring mail of a ziggurat {Will+ Str+6 Dex+4}
rPois   +          Reflect  .   (helmet unavailable)
rElec   .          Harm     .   t - scarf {rC+ rF+}
rCorr   .          Rampage  .   y - +1 pair of gloves of Vexation {rPois}
Will    ++++.                   C - +2 pair of boots
Stlth   +++.......              w - amulet "Hemailam" {RegenMP Drain rF+ Will+ Regen+}
HPRegen 1.14/turn               e - +4 ring of slaying
MPRegen 0.94/turn               B - ring of magical power

@: lethally poisoned (0 -> -7), afraid, marked, on berserk cooldown, slowed,
wreathed by umbra, very slow
A: antennae 3, rugged brown scales 3, demonic guardian 1, magic shield, magic
regeneration, demonic willpower, hooves 1, MP-powered wands
}: 1/15 runes: gossamer
a: Renounce Religion, Shadow Step, Shadow Form


You were on level 4 of the Shoals.
You worshipped Dithmenos.
Dithmenos was exalted by your worship.
You visited 5 branches of the dungeon, and saw 31 of its levels.
You also visited: Ossuary.

You collected 3108 gold pieces.
You spent 2001 gold pieces at shops.

Inventory:

Hand Weapons
 a - a +2 trident of venom
 p - a +1 short sword of speed
 q - the +9 hand crossbow of a sewer {venom, Int+3}
   (You bought it in a shop on level 2 of the Orcish Mines)

   Any ammunition fired from it poisons the flesh of those it strikes.
   Int:       It affects your intelligence (+3).
 s - a +1 trident of protection
 N - a +5 trident of freezing (weapon)
 S - the +8 demon blade "Leech" {vamp, Harm Drain rN+}
   (You found it on level 2 of the Lair of Beasts)

   It heals its wielder for a portion of the damage dealt every time it strikes
   a living foe.
   rN:        It protects you from negative energy.
   Drain:     It drains your maximum health when unequipped.
   Harm:      It increases damage dealt and taken.
 W - a +1 demon trident of pain
Missiles
 f - a throwing net
 k - 3 silver javelins
 u - 11 curare-tipped darts
 I - 17 boomerangs
 L - 100 bolts
 O - 2 boomerangs of dispersal
Armour
 j - +1 steam dragon scales
 t - a scarf of resistance (worn)
 y - the +1 pair of gloves of Vexation (worn) {rPois}
   (You acquired it on level 12 of the Dungeon)

   rPois:     It protects you from poison.
 C - a +2 pair of boots (worn)
 G - a +2 kite shield
 J - the +1 cloak "Gopy" {rN+}
   (You found it on level 3 of the Spider Nest)

   rN:        It protects you from negative energy.
 Q - the +3 ring mail of a ziggurat (worn) {Will+ Str+6 Dex+4}
   (You bought it in a shop on level 1 of the Shoals)

   Str:       It affects your strength (+6).
   Dex:       It affects your dexterity (+4).
   Will:      It increases your willpower.
 T - the +5 scale mail of the New World {Regen+}
   (You bought it in a shop on level 2 of the Orcish Mines)

   Regen:     It increases your rate of health regeneration.
 V - a +2 buckler (worn)
Jewellery
 e - a +4 ring of slaying (left hand)
 i - a +6 ring of intelligence
 l - a +6 ring of strength
 m - a ring of poison resistance
 w - the amulet "Hemailam" (around neck) {RegenMP Drain rF+ Will+ Regen+}
   (You acquired it on level 1 of the Lair of Beasts)

   [amulet of magic regeneration]

   It increases your rate of magic regeneration.
   rF:        It protects you from fire.
   Regen:     It increases your rate of health regeneration.
   Drain:     It drains your maximum health when unequipped.
   Will:      It increases your willpower.
 A - a ring of protection from cold
 B - a ring of magical power (right hand)
 E - a ring of flight
 P - a ring of protection from fire
 X - a ring of protection from cold
Wands
 D - a wand of flame (48)
 Z - a wand of iceblast (11)
Scrolls
 d - a scroll of silence
 h - a scroll of magic mapping
 n - 3 scrolls of fog
 R - 12 scrolls of identify
Potions
 g - 2 potions of might
 r - 3 potions of brilliance
 z - a potion of haste
 F - a potion of flight
 M - a potion of lignification
 U - 2 potions of ambrosia
Miscellaneous
 o - a condenser vane
 v - a box of beasts (inert)


   Skills:
 + Level 12.4 Fighting
 + Level 11.8 Polearms
 - Level 5.4 Armour
 - Level 8.4 Dodging
 - Level 7.4 Stealth
 - Level 4.0 Shields
 + Level 10.0 Spellcasting
 + Level 10.6 Conjurations
 + Level 7.9 Summonings
 - Level 1.6 Necromancy
 + Level 8.2 Translocations
 - Level 9.0 Air Magic
 - Level 3.4 Poison Magic
 - Level 12.8 Invocations
 - Level 8.2 Evocations


You had 6 spell levels left.
You knew the following spells:

 Your Spells              Type           Power      Damage    Failure   Level
a - Static Discharge      Conj/Air       42%        N/A       1%          2
b - Corpse Rot            Necr/Air       52%        N/A       2%          2
c - Shock                 Conj/Air       100%       1d9       1%          1
d - Swiftness             Air            39%        N/A       1%          3
e - Poisonous Vapours     Pois/Air       58%        N/A       1%          2
f - Airstrike             Air            19%        N/A       3%          4
g - Mephitic Cloud        Conj/Pois/Air  34%        N/A       1%          3
h - Blink                 Tloc           72%        N/A       1%          2
i - Iskenderun's Mystic   Conj/Tloc      40%        2d9       2%          4
j - Summon Lightning Spi  Summ/Air       37%        N/A       4%          4
k - Lesser Beckoning      Tloc           36%        N/A       1%          3

Your spell library contained the following spells:

 Spells                   Type           Power      Damage    Failure   Level
 Foxfire                  Conj/Fire      100%       2x1d9     1%          1
 Call Imp                 Summ           35%        N/A       1%          2
 Gell's Gravitas          Tloc           36%        N/A       1%          3
 Teleport Other           Tloc           36%        N/A       1%          3
 Conjure Flame            Conj/Fire      26%        6-21      4%          3
 Stone Arrow              Conj/Erth      52%        3d10      4%          3
 Sting                    Tmut/Pois      56%        1d5       6%          1
 Sublimation of Blood     Necr           14%        N/A       11%         2
 Sandblast                Erth           16%        2d6       13%         1
 Summon Forest            Summ/Tloc      18%        N/A       13%         5
 Flame Wave               Conj/Fire      26%        2d6       14%         4
 Fulminant Prism          Conj/Hex       13%        3d9       14%         4
 Hailstorm                Conj/Ice       26%        3d7       14%         4
 Sticky Flame             Conj/Fire      26%        2d5       14%         4
 Ensorcelled Hibernation  Hex/Ice        16%        N/A       21%         2
 Vampiric Draining        Necr           14%        2d7       21%         3
 Ignite Poison            Fire/Tmut/Pois 12%        N/A       24%         3
 Animate Armour           Summ/Erth      44%        N/A       26%         4
 Summon Ice Beast         Ice/Summ       22%        N/A       26%         4
 Freezing Cloud           Conj/Ice/Air   15%        6-21      26%         5
 Olgreb's Toxic Radiance  Pois           20%        N/A       32%         4
 Frozen Ramparts          Ice            16%        1d3       36%         3
 Inner Flame              Hex/Fire       8%         N/A       36%         3
 Ozocubu's Armour         Ice            8%         N/A       36%         3
 Tukima's Dance           Hex            8%         N/A       36%         3
 Irradiate                Conj/Tmut      13%        3d18      38%         5
 Animate Dead             Necr           7%         N/A       56%         4
 Summon Cactus Giant      Summ           17%        N/A       61%         6
 Ice Form                 Ice/Tmut       8%         N/A       78%         4
 Petrify                  Tmut/Erth      8%         N/A       78%         4
 Borgnjor's Vile Clutch   Necr/Erth      5%         N/A       95%         5
 Blade Hands              Tmut           4%         N/A       98%         5
 Lee's Rapid Deconstruct  Erth           4%         3d6*      98%         5
 Metabolic Englaciation   Hex/Ice        4%         N/A       98%         5
 Death Channel            Necr           7%         N/A       100%        6
 Eringya's Noxious Bog    Tmut/Pois      7%         N/A       100%        6
 Simulacrum               Ice/Necr       5%         N/A       100%        6
 Spellforged Servitor     Conj/Summ      20%        N/A       94%         7
 Malign Gateway           Summ/Tloc      18%        N/A       99%         7
 Summon Hydra             Summ           17%        N/A       99%         7
 Dragon Form              Tmut           4%         N/A       100%        7
 Haunt                    Necr/Summ      12%        N/A       100%        7
 Ozocubu's Refrigeration  Ice            4%         4d5       100%        7
 Ignition                 Fire           4%         3d4       100%        8
 Dragon's Call            Summ           17%        N/A       100%        9


Dungeon Overview and Level Annotations

Branches:
Dungeon (15/15)            Temple (0/1) D:6            Lair (6/6) D:9
 Shoals (4/4) Lair:2       Spider (4/4) Lair:2        Slime (0/5) Lair:6
    Orc (2/2) D:10            Elf (0/3) Orc:2        Vaults (0/5) D:14
 Depths (0/4) D:15        Ossuary (visited)

Altars:
Dithmenos
Kikubaaqudgha
Okawaru
Ru
Xom
The Shining One
Jiyva

Shops:
Orc:2 *[=(   Shoals:1 [

Annotations:
D:7 2 runed translucent doors, Encipher's ghost, amateur DDNe
Shoals:2 Polyphemus
Spider:3 1 runed translucent door, Zonian's ghost, adept HOFi


Innate Abilities, Weirdness & Mutations

You have a pair of large antennae on your head. (SInv)
You are completely covered in rugged brown scales. (AC +3, +7% HP)
A weak demonic guardian rushes to your aid.
When hurt, damage is shared between your health and your magic reserves.
You regenerate magic rapidly.
You punish those that try to bend your will. (Will+)
You have large cloven feet.
You expend magic power (3 MP) to strengthen your wands.


Message History

* * * LOW HITPOINT WARNING * * *
You are too berserk!
Unknown command.
Your unstable footing causes you to fumble your attack.
You are no longer berserk.
You are exhausted.
You feel yourself slow down.
The harpy screeches!
The harpy claws you but does no damage. The harpy misses you.
You block the harpy's attack. The harpy closely misses you.
The wind drake barely misses you.
Okay, then.
Magic courses through your body.
You feel very sick.
The harpy screeches! x2
The harpy closely misses you. You block the harpy's attack.
The harpy claws you.
* * * LOW HITPOINT WARNING * * *
You block the harpy's attack. The harpy misses you.
You block the harpy's attack. The harpy closely misses you.
The harpy claws you!
* * * LOW HITPOINT WARNING * * *
The sea snake misses you.
The satyr plays a rousing melody on his pipes!
The merfolk hits you but does no damage.
You block the harpy's attack. The harpy closely misses you. x2
The harpy claws you but does no damage.
Your rust devil hits the merfolk!
The merfolk seems to be corroded for longer.
The faun hits you but does no damage.
You are more poisoned.
The merfolk siren chants a haunting song.
You resist with almost no effort.
Your orange demon closely misses the wind drake.
Your orange demon hits the wind drake.
The wind drake barely misses the satyr.
The merfolk hits you from afar with a +0 trident!!
* * * LOW HITPOINT WARNING * * *
The sea snake bites you but does no damage.
The merfolk closely misses you.
The satyr unwields a +0 quarterstaff.
The satyr wields a +0 longbow.
The satyr shoots an arrow.
The arrow hits you!!
You die...

**,,,,*,,≈≈≈* **,,,**,,,*,≈≈≈≈≈≈≈
,,***,*≈≈≈###****,,^**,,,*,≈≈≈≈≈≈
,,,,≈≈≈≈*,#..,,,{,,,,**,,,**≈≈≈..
,,,,≈,≈≈≈##..≈########,,,,*.≈..mP
,******≈≈#...{#......#*≈≈,..≈.P..
,*,≈,,*####..{{§.§§..#,,,,..≈...(
≈*,,,,##c.≈{{{HHm44..#,,,,#.≈..<.
,,,,≈≈.....≈{{#ckHm!.#*,,,/.≈....
,*,≈,,#...#{≈,#H@Sm{§#,.,,,.≈...m
***++*#.....######cc.#...###.#...
8,,,,8....{....{8{{{§8.?.#≈..##..
,,,,≈,.....{...{{{{{§≈......≈..mD
8,,,,,.≈.......{{{{≈.8≈{#.c..#§cD
,**',,#....######.†.##≈.{#..##§§d
≈*,≈,,#..,**,,*,.....#≈≈.m..≈.§mS
≈,,,,,#,,,,,,,,,....≈#*≈.≈..≈.§§§
≈*≈,,,**{,,,,,,c.c...#,≈...#≈....


You could see 2 satyrs, a sea snake, a wind drake (repels missiles, confused,
ally target), 2 merfolk, a manticore, a merfolk siren, 3 harpies, a friendly
orange demon (summoned) and a friendly rust devil (summoned).

Vanquished Creatures
  Bai Suzhen (Shoals:4)
  Arachne (Spider:3)
  Kirke (Lair:2)
  4 ghost moths
  An emperor scorpion (Spider:2)
  2 orc warlords
  Nessos (D:12)
  A spark wasp (Spider:4)
  An ettin (Orc:2)
  A fire dragon (D:9)
  Josephine (D:12)
  A vault guard (D:14)
  3 boulder beetles
  2 merfolk avatars
  6 hydras
  3 merfolk aquamancers (Shoals:1)
  2 death knights
  An alligator snapping turtle (Shoals:4)
  4 catoblepae
  4 two-headed ogres
  A satyr (Shoals:3)
  3 tengu warriors
  14 death yaks
  4 orc high priests (Orc:2)
  Nergalle (Lair:4)
  A shadow wraith (D:9)
  A fire crab (Lair:6)
  4 skeletal warriors
  13 sea snakes
  A wizard (D:14)
  A deep elf zephyrmancer (D:15)
  2 necromancers
  A phantasmal warrior (D:14)
  6 harpies
  17 orb spiders
  5 orc knights
  An orb spider (shapeshifter) (D:13)
  9 ugly things
  11 fauns
  7 cyclopes
  14 manticores
  6 deep elf pyromancers
  6 orc sorcerers
  18 wolf spiders
  A moth of wrath (shapeshifter) (D:9)
  8 black mambas
  11 elephants
  5 merfolk sirens
  2 moths of wrath
  2 naga magi (D:15)
  A gargoyle (D:12)
  A water nymph (Shoals:1)
  A torpor snail (Spider:1)
  A cane toad (shapeshifter) (D:13)
  5 rime drakes
  13 cane toads
  A yaktaur (shapeshifter) (D:15)
  10 komodo dragons
  A freezing wraith (D:8)
  A kobold demonologist (D:10)
  8 demonic crawlers
  2 ice devils (D:11)
  27 jumping spiders
  6 trolls
  A polar bear (shapeshifter) (D:13)
  5 merfolk
  4 wind drakes
  Grinder (D:4)
  13 blink frogs
  13 slime creatures
  6 hornets
  6 dream sheep (Shoals:1)
  2 meliai zombies (D:15)
  4 snapping turtles
  2 water elementals
  81 redbacks
  9 wraiths
  A fire elemental (Lair:6)
  Sigmund (D:6)
  A centaur simulacrum (D:15)
  A spriggan (Orc:1)
  24 tarantellas
  10 wyverns
  Eustachio (D:5)
  45 yaks
  A fire bat (shapeshifter) (D:12)
  Grum (D:11)
  A hog (Lair:2)
  A steam dragon (D:7)
  3 basilisks
  21 humans (D:14)
  2 vampire mosquitoes (D:14)
  Edmund (D:6)
  Duvessa (D:6)
  2 acid dragons
  17 water moccasins
  34 orc warriors
  A black bear (Lair:4)
  2 ice beasts
  3 ogres
  14 wolves
  10 centaurs
  2 gnoll sergeants
  9 bullfrogs
  4 kobold brigands
  2 scorpions
  A wyvern skeleton (D:5)
  Dowan (D:6)
  22 killer bees
  4 howler monkeys
  10 wights
  An electric eel (Lair:6)
  2 bullfrog zombies
  5 centaur zombies
  4 crimson imps (D:9)
  5 hounds
  2 jellies (D:6)
  2 centaur skeletons (D:6)
  24 orc priests
  An iguana (D:4)
  27 orc wizards
  3 hound skeletons
  8 mummies (Ossuary)
  8 gnolls
  6 adders
  A shadow imp (D:5)
  A white imp (D:5)
  An adder skeleton (D:4)
  3 dart slugs
  94 orcs
  10 ball pythons
  6 endoplasms
  3 giant cockroaches
  11 goblins
  A hobgoblin (D:2)
  3 jackals (D:1)
  17 kobolds
  A quokka (D:1)
  2 bats
  3 frilled lizards
  A gnoll zombie (Ossuary)
  2 hobgoblin zombies (Ossuary)
  2 kobold zombies (Ossuary)
  3 orc zombies (Ossuary)
  4 rats
  A butterfly (Lair:3)
964 creatures vanquished.

Vanquished Creatures (collateral kills)
  3 emperor scorpions
  A merfolk impaler (Shoals:1)
  A vault guard (D:14)
  An alligator snapping turtle (Shoals:3)
  A sea snake (Shoals:1)
  An orb spider (Spider:4)
  A faun (Shoals:4)
  3 ugly things (D:15)
  A manticore (Shoals:3)
  An elephant (Lair:3)
  A merfolk siren (Shoals:1)
  2 jumping spiders
  2 hornets (Spider:4)
  An orc warrior (Orc:2)
  An orc (Orc:2)
21 creatures vanquished.

Vanquished Creatures (others)
  A faun (Shoals:3)
  A demonic crawler (Spider:2)
  A jumping spider (Spider:4)
  2 humans (Shoals:1)
  A bush (Lair:6)
  56 fungi
  155 plants
217 creatures vanquished.

Grand Total: 1202 creatures vanquished

Notes
Turn   | Place    | Note
-------+----------+-------------------------------------------
     0 | D:1      | Zonian the Demonspawn Wanderer began the quest for the Orb.
     0 | D:1      | Zonian set off with the following items: a +2 spear, a +0
                  | helmet, a +0 robe; and the following spells available to
                  | memorise: Corpse Rot, Static Discharge
     0 | D:1      | Reached XP level 1. HP: 15/15 MP: 4/4
   194 | D:1      | Gained mutation: You regenerate magic rapidly. [demonic
                  | ancestry]
   194 | D:1      | Reached XP level 2. HP: 21/21 MP: 6/6
   204 | D:1      | Learned a level 2 spell: Static Discharge
   596 | D:1      | Found a faded altar of an unknown god.
   830 | D:2      | Gained mutation: You are partially covered in rugged brown
                  | scales. (AC +1, +3% HP) [demonic ancestry]
   830 | D:2      | Reached XP level 3. HP: 18/26 MP: 7/7
  1538 | D:2      | You fall into a shaft and drop 2 floors!
  1541 | D:4      | Noticed Grinder
  1972 | D:2      | Learned a level 2 spell: Corpse Rot
  2160 | D:2      | Learned a level 1 spell: Shock
  2436 | D:3      | Gained mutation: You have large cloven feet. [potion of
                  | mutation]
  2436 | D:3      | Gained mutation: You expend magic power (3 MP) to
                  | strengthen your wands. [potion of mutation]
  2441 | D:3      | Reached skill level 1 in Conjurations
  2441 | D:3      | Reached XP level 4. HP: 18/33 MP: 9/9
  2733 | D:3      | Reached XP level 5. HP: 27/39 MP: 10/10
  3183 | D:3      | Found an iron altar of Okawaru.
  3186 | D:3      | Found a sacrificial altar of Ru.
  3188 | D:3      | Found an ancient bone altar of Kikubaaqudgha.
  3675 | D:4      | Killed Grinder
  3676 | D:4      | Reached XP level 6. HP: 47/47 MP: 7/11
  4255 | D:4      | Gained mutation: You are mostly covered in rugged brown
                  | scales. (AC +2, +5% HP) [demonic ancestry]
  4255 | D:4      | Reached XP level 7. HP: 48/54 MP: 13/13
  4647 | D:5      | Entered Level 5 of the Dungeon
  4674 | D:5      | Found a shadowy altar of Dithmenos.
  4681 | D:5      | Became a worshipper of Dithmenos the Shadowed
  5034 | D:5      | Reached skill level 1 in Invocations
  5379 | D:5      | Found a sand-covered staircase.
  5384 | Ossuary  | Entered an ossuary
  5437 | Ossuary  | HP: 1/54 [mummy (14)]
  6313 | D:5      | Reached * piety under Dithmenos
  6516 | D:6      | Found a staircase to the Ecumenical Temple.
  6806 | D:6      | Reached XP level 8. HP: 60/61 MP: 14/14
  6818 | D:6      | Noticed Sigmund
  7082 | D:6      | Noticed Duvessa
  7082 | D:6      | Noticed Dowan
  7089 | D:6      | Killed Duvessa
  7094 | D:6      | Killed Dowan
  7563 | D:6      | Noticed Edmund
  7563 | D:6      | Noticed Eustachio
  7607 | D:5      | Killed Eustachio
  7611 | D:5      | Reached skill level 5 in Spellcasting
  8650 | D:7      | Reached skill level 5 in Air Magic
  8650 | D:7      | Gained mutation: You have a pair of small antennae on your
                  | head. [demonic ancestry]
  8650 | D:7      | Reached XP level 9. HP: 57/69 MP: 16/16
  9265 | D:7      | Found a large runed translucent door.
  9265 | D:7      | Found a large runed translucent door.
  9269 | D:7      | Noticed Encipher's ghost (amateur DDNe)
  9439 | D:6      | Killed Edmund
  9821 | D:6      | Killed Sigmund
 11669 | D:8      | Reached skill level 5 in Fighting
 11669 | D:8      | Reached skill level 5 in Polearms
 11845 | D:8      | Reached skill level 5 in Invocations
 11856 | D:8      | Reached skill level 5 in Conjurations
 12854 | D:8      | Reached ** piety under Dithmenos
 13267 | D:8      | Noticed a death knight
 13343 | D:8      | Reached skill level 5 in Dodging
 13873 | D:8      | Reached XP level 10. HP: 47/77 MP: 18/18
 13877 | D:8      | Learned a level 3 spell: Swiftness
 13880 | D:8      | Learned a level 2 spell: Poisonous Vapours
 13885 | D:8      | Learned a level 4 spell: Airstrike
 14621 | D:9      | Noticed a two-headed ogre
 14708 | D:9      | Killed a two-headed ogre
 14711 | D:9      | Reached skill level 1 in Stealth
 14711 | D:9      | Reached skill level 1 in Poison Magic
 15174 | D:9      | Found a staircase to the Lair.
 15174 | D:9      | Noticed a fire dragon
 15264 | D:9      | Noticed a boulder beetle
 15264 | D:9      | Noticed a deep elf pyromancer
 15506 | D:9      | Found a shimmering altar of Xom.
 15621 | D:9      | Killed a boulder beetle
 16015 | D:9      | Killed a deep elf pyromancer
 16276 | D:9      | Noticed a fire dragon
 16337 | D:9      | Killed a fire dragon
 16666 | Lair:1   | Entered Level 1 of the Lair of Beasts
 16669 | Lair:1   | Identified a scroll of acquirement
 16669 | Lair:1   | Acquired the amulet "Hemailam" {RegenMP Drain rF+ Will+
                  | Regen+}
 16869 | Lair:1   | Gained mutation: You have a pair of antennae on your head.
                  | [demonic ancestry]
 16869 | Lair:1   | Reached XP level 11. HP: 86/86 MP: 20/20
 19118 | Lair:2   | Found a staircase to the Shoals.
 19195 | Lair:2   | Noticed a seven-headed hydra
 19283 | Lair:1   | Reached *** piety under Dithmenos
 19565 | Lair:2   | Reached skill level 1 in Evocations
 20019 | Lair:2   | Found a hole to the Spider Nest.
 20066 | Lair:2   | Found the +8 demon blade "Leech" {vamp, Harm Drain rN+}
 20134 | Lair:2   | Noticed a four-headed hydra
 20444 | Lair:2   | Reached skill level 1 in Armour
 20859 | Lair:3   | Gained mutation: When hurt, damage is shared between your
                  | health and your magic reserves. [demonic ancestry]
 20859 | Lair:3   | Reached XP level 12. HP: 42/95 MP: 22/22
 22383 | Lair:3   | Reached skill level 5 in Stealth
 22384 | Lair:3   | Reached **** piety under Dithmenos
 22973 | Lair:2   | Killed a seven-headed hydra
 23073 | Lair:2   | Noticed a six-headed hydra
 23079 | Lair:2   | Killed a six-headed hydra
 23507 | Lair:2   | Killed a four-headed hydra
 23797 | Lair:4   | Noticed Nergalle
 24518 | Lair:4   | Killed Nergalle
 24901 | Lair:5   | Found a gate leading to a gauntlet.
 25026 | Lair:5   | Noticed a death yak
 25125 | Lair:4   | Reached skill level 1 in Shields
 25311 | Lair:5   | Gained mutation: You have a pair of large antennae on your
                  | head. (SInv) [demonic ancestry]
 25311 | Lair:5   | Reached XP level 13. HP: 72/102 MP: 24/24
 25434 | Lair:5   | Identified the +0 hat of the Rose {rC+ Stlth+}
 26379 | Lair:5   | Reached skill level 1 in Necromancy
 26471 | Lair:6   | Entered Level 6 of the Lair of Beasts
 27902 | Lair:6   | Reached skill level 10 in Invocations
 28206 | Lair:6   | Found a viscous altar of Jiyva.
 28206 | Lair:6   | Found a staircase to the Slime Pits.
 28260 | Lair:6   | Learned a level 3 spell: Mephitic Cloud
 29369 | Lair:6   | Reached skill level 5 in Evocations
 29414 | Lair:6   | Reached ***** piety under Dithmenos
 30467 | Lair:6   | Reached XP level 14. HP: 85/111 MP: 25/25
 31689 | D:9      | Got the Incunabulum of Earthen Translocation
 31692 | D:9      | Identified the +8 fustibalus of Conformity {flame, Will+}
 31699 | D:9      | Learned a level 2 spell: Blink
 32021 | D:10     | Entered Level 10 of the Dungeon
 32336 | D:10     | Found a staircase to the Orcish Mines.
 33139 | D:11     | Noticed Grum
 33329 | D:11     | Killed Grum
 33645 | D:11     | Reached skill level 1 in Translocations
 35083 | D:12     | Noticed Nessos
 35197 | D:12     | Noticed Josephine
 35246 | D:12     | Reached skill level 5 in Armour
 35290 | D:12     | Killed Josephine
 35538 | D:12     | Killed Nessos
 36378 | D:12     | Acquired the +1 pair of gloves of Vexation {rPois}
 37265 | D:13     | Identified the +10 war axe of Doom {holy, Fly Dex+3}
 37557 | D:13     | Upgraded the game from 0.28-a0-1213-g0243856f03 to
                  | 0.28-a0-1227-ga9037bb4c8
 37956 | D:14     | Learned a level 4 spell: Iskenderun's Mystic Blast
 38956 | D:14     | Gained mutation: A weak demonic guardian rushes to your
                  | aid. [demonic ancestry]
 38956 | D:14     | Reached XP level 15. HP: 108/119 MP: 22/26
 39947 | D:14     | Found a gate to the Vaults.
 39972 | D:14     | Acquired the Tome of Creative Confrontation
 39974 | D:14     | Acquired the Grimoire of Calling
 39991 | D:14     | Learned a level 4 spell: Summon Lightning Spire
 40012 | D:15     | Entered Level 15 of the Dungeon
 40021 | D:15     | Reached ****** piety under Dithmenos
 40762 | D:14     | Reached skill level 1 in Summonings
 40973 | D:15     | Found a staircase to the Depths.
 41173 | D:15     | Reached skill level 10 in Fighting
 42209 | Orc:1    | Entered Level 1 of the Orcish Mines
 42373 | Orc:1    | Noticed an orc warlord
 42457 | Orc:1    | Killed an orc warlord
 43274 | Orc:2    | Entered Level 2 of the Orcish Mines
 43274 | Orc:2    | Found a staircase to the Elven Halls.
 43900 | Orc:2    | Noticed an orc warlord
 44136 | Orc:2    | Killed an orc warlord
 44428 | Orc:2    | Reached skill level 10 in Polearms
 44428 | Orc:2    | Reached skill level 5 in Translocations
 45106 | Orc:2    | Found Cejes's General Store.
 45107 | Orc:2    | Found Suodaeh's Jewellery Emporium.
 45109 | Orc:2    | Found Ifuiv's Antique Armour Emporium.
 45109 | Orc:2    | Found Qodadiul's Antique Weapon Shoppe.
 45264 | Orc:2    | Bought a bloodstained scale mail for 288 gold pieces
 45264 | Orc:2    | Identified the +5 scale mail of the New World {Regen+} (You
                  | bought it in a shop on level 2 of the Orcish Mines)
 45626 | Spider:1 | Entered Level 1 of the Spider Nest
 45626 | Spider:1 | Noticed a ghost moth
 45663 | Lair:2   | Killed a ghost moth
 47502 | Spider:1 | Gained mutation: You are completely covered in rugged brown
                  | scales. (AC +3, +7% HP) [demonic ancestry]
 47502 | Spider:1 | Reached XP level 16. HP: 105/132 MP: 27/27
 48370 | Spider:2 | You fall into a shaft and drop 1 floor!
 50742 | Spider:3 | Got Utopum's Reference Book on Supportive Dark Rituals
 50743 | Spider:3 | Upgraded the game from 0.28-a0-1227-ga9037bb4c8 to
                  | 0.28-a0-1234-g826d19b2e0
 50905 | Spider:3 | Reached skill level 5 in Summonings
 50905 | Spider:3 | Noticed Arachne
 50917 | Spider:3 | Killed Arachne
 51140 | Spider:3 | Identified the +1 cloak "Gopy" {rN+}
 51474 | Spider:3 | Found a runed translucent door.
 51477 | Spider:3 | Noticed Zonian's ghost (adept HOFi)
 51753 | Spider:4 | Entered Level 4 of the Spider Nest
 53255 | Spider:4 | Learned a level 3 spell: Lesser Beckoning
 54241 | Orc:2    | Bought a pair of runed boots for 240 gold pieces
 54257 | Orc:2    | Bought a crude hand crossbow for 204 gold pieces
 54257 | Orc:2    | Identified the +9 hand crossbow of a sewer {venom, Int+3}
                  | (You bought it in a shop on level 2 of the Orcish Mines)
 58237 | Spider:4 | Acquired a +2 trident of venom
 59772 | Spider:4 | Gained mutation: You punish those that try to bend your
                  | will. (Will+) [demonic ancestry]
 59772 | Spider:4 | Reached XP level 17. HP: 140/142 MP: 30/30
 59877 | Spider:4 | Got a gossamer rune of Zot
 60025 | Shoals:1 | Entered Level 1 of the Shoals
 60025 | Shoals:1 | Noticed Kirke
 60257 | Lair:2   | Killed Kirke
 60431 | Shoals:1 | Reached skill level 10 in Conjurations
 60437 | Shoals:1 | HP: 6/142 [poisoned by a sea snake]
 60440 | Shoals:1 | HP: 2/142 [poisoned by a sea snake]
 62014 | Shoals:1 | Found Jafunus's Armour Shoppe.
 62024 | Shoals:1 | Bought the +3 ring mail of a ziggurat {Will+ Str+6 Dex+4}
                  | for 789 gold pieces
 62034 | Shoals:1 | Bought a scarf of resistance for 480 gold pieces
 62588 | Shoals:2 | Noticed Polyphemus
 63655 | Shoals:3 | Identified the +1 ring mail "Evisch" {rF+ Will+ Regen+}
 64336 | Shoals:4 | Entered Level 4 of the Shoals
 64336 | Shoals:4 | Noticed Bai Suzhen
 64612 | Shoals:4 | Reached skill level 10 in Spellcasting
 64728 | Shoals:4 | Killed Bai Suzhen
 64731 | Shoals:4 | Shot with an arrow by a satyr

Illustrated notes

Levels and vault maps discovered:
D:1:      saegor_arrival_fortress, layout_basic,
          dreamdust_ecumenical_altar_angels_and_demons
D:2:      layout_loops_cross, minmay_hexomino_f4
D:3:      layout_basic, grunt_temple_overflow_open, minmay_bisected
D:4:      layout_cave_pools, uniq_grinder
D:5:      layout_loops_cross, grunt_dithmenos_shadows, enter_ossuary_2,
          kennysheep_generic_room_11
D:6:      layout_rooms, minmay_temple_entry_sparse_star, uniq_edmund,
          uniq_eustachio, uniq_sigmund, uniq_duvessa
D:7:      layout_rooms, nicolae_tso_swordbearing_angel,
          ebering_ghost_disaster_area, serial_curves, eino_curves_02,
          eino_curves_04, minmay_misc_feat_enclosed
D:8:      layout_loops_ring, roderic_lattice_a
D:9:      minmay_shrinking_squares, layout_loops_ring, led_xom_imps,
          minmay_lair_entry_lava
D:10:     layout_stronghold, orc_0_dummy,
          nicolae_concentric_dashed_squares_wild, kennysheep_another_room,
          minivault_20, minivault_1, kennysheep_generic_room_8
D:11:     layout_long_grid, portal_ice_cave_demonic_guard, uniq_grum
D:12:     layout_roguey, special_room [special_room_orc], minivault_24,
          dk_noncrumbling_4, uniq_nessos, uniq_josephine
D:13:     layout_long_grid, nicolae_trove_entry_path_of_doom
D:14:     layout_gridville, grunt_vaults_entry_tiered
D:15:     grunt_enter_depths_magical_seal, layout_small_grid,
          minmay_misc_feat_four_crosses
Lair:1:   layout_layer_cave
Lair:2:   layout_gridlike, elwin_shoals_entry_rocks, dummy_spider_entry,
          dreamdust_deal_with_the_devil, serial_bayou_shore_b
Lair:3:   layout_misc_corridors, minivault_19, lemuel_fruit_fields
Lair:4:   layout_hall_layers, uniq_nergalle
Lair:5:   layout_loops_ring, gauntlet_entry_generic, grunt_megastairs_3
Lair:6:   evilmike_catoblepas_cave, layout_gridlike,
          dpeg_slime_entry_enclosed_altar
Shoals:1: cheibrodos_shoals_three_sisters, layout_shoals, serial_shops,
          nicolae_shop_statue_plus, uniq_kirke
Shoals:2: layout_shoals, uniq_ilsuiw, uniq_polyphemus
Shoals:3: layout_shoals
Shoals:4: shoals_end_hellmonk_lost_city, serial_shops, uniq_bai_suzhen
Spider:1: layout_spider_delve, nicolae_spider_paper_wasps
Spider:2: layout_spider_delve
Spider:3: layout_spider_delve, ebering_ghost_reflecting_pool, uniq_arachne
Spider:4: spider_rune_water, nicolae_spider_baby_got_redback
Orc:1:    layout_diamond_mine, nicolae_orc_flooded_monolith
Orc:2:    st_orc_congregation, layout_diamond_mine,
          nicolae_volcano_entry_two_sided

Skill      XL: |  1  2  3  4  5  6  7  8  9 10 11 12 13 14 15 16 17 |
---------------+----------------------------------------------------+-----
Polearms       | 2 3 4 5 6 7 8 9 10 11 | 11.8
Air Magic      | 3 4 5 6 7 8 9 |  9.0
Conjurations   | 1 2 3 4 5 6 7 8 9 10 | 10.6
Fighting       | 2 3 4 5 6 7 8 9 10 11 12 | 12.4
Dodging        | 2 3 4 5 6 7 8 |  8.4
Spellcasting   | 4 5 6 7 9 10 | 10.0
Invocations    | 2 4 5 7 8 9 10 11 12 | 12.8
Stealth        | 2 4 5 6 7 |  7.4
Poison Magic   | 2 3 |  3.4
Evocations     | 2 3 5 6 8 |  8.2
Armour         | 1 3 4 5 |  5.4
Shields        | 1 3 4 |  4.0
Necromancy     | 1 |  1.6
Translocations | 2 5 7 8 |  8.2
Summonings     | 4 6 7 |  7.9

Action                   |  1- 3 |  4- 6 |  7- 9 | 10-12 | 13-15 | 16-18 || total
-------------------------+-------+-------+-------+-------+-------+-------++-------
Melee: Spear             |    97 |    87 |   437 |   703 |  1983 |       ||  3307
       Kick              |       |    12 |     2 |       |       |       ||    14
       Short sword       |       |       |       |     3 |     1 |     1 ||     5
       Halberd           |       |       |       |     1 |       |       ||     1
       Demon trident     |       |       |       |       |    19 |    18 ||    37
       Dagger            |       |       |       |       |     2 |       ||     2
       Trident           |       |       |       |       |   294 |  1134 ||  1428
 Fire: Hand crossbow     |       |       |       |       |       |    10 ||    10
Throw: Throwing net      |       |       |       |     2 |       |       ||     2
       Dart              |       |       |       |       |     2 |       ||     2
 Cast: Static Discharge  |       |     1 |    31 |    64 |    59 |     6 ||   161
       Shock             |       |       |    20 |     3 |     8 |    11 ||    42
       Corpse Rot        |       |       |     1 |       |       |       ||     1
       Poisonous Vapours |       |       |       |    13 |     4 |       ||    17
       Airstrike         |       |       |       |    23 |   115 |   168 ||   306
       Swiftness         |       |       |       |     1 |     5 |     2 ||     8
       Mephitic Cloud    |       |       |       |       |    63 |    20 ||    83
       Blink             |       |       |       |       |    10 |    10 ||    20
       Iskenderun's Myst |       |       |       |       |    24 |    21 ||    45
       Summon Lightning  |       |       |       |       |       |     7 ||     7
       Lesser Beckoning  |       |       |       |       |       |     3 ||     3
Invok: Shadow Step       |       |       |       |       |     1 |       ||     1
Evoke: Wand              |       |       |     8 |    10 |    19 |    24 ||    61
       Condenser vane    |       |       |       |       |     1 |     2 ||     3
       Box of beasts     |       |       |       |       |       |     2 ||     2
  Use: Scroll            |     5 |     4 |    11 |    13 |    17 |    21 ||    71
       Potion            |     4 |     1 |     7 |    12 |     7 |    11 ||    42
 Stab: Sleeping          |     2 |       |       |    14 |    35 |     6 ||    57
       Paralysed         |       |       |    12 |     3 |     9 |       ||    24
       Distracted        |       |       |       |     2 |     7 |     9 ||    18
       Held in net/web   |       |       |       |     4 |       |       ||     4
       Confused          |       |       |       |       |    42 |     8 ||    50
       Petrified         |       |       |       |       |     8 |       ||     8
Armor: Robe              |    18 |    15 |    93 |     4 |       |       ||   130
       Steam dragon scal |       |       |       |   173 |   387 |       ||   560
       Scale mail        |       |       |       |       |   113 |   596 ||   709
       Ring mail         |       |       |       |       |       |    86 ||    86
Dodge: Dodged            |    31 |    34 |   353 |   486 |  1163 |   983 ||  3050
Block: Buckler           |       |       |       |    28 |   406 |   405 ||   839

Table legend: (Time is in decaauts)
 A = Elapsed time spent in this place.
 B = Non-inter-level travel time spent in this place.
 C = Inter-level travel time spent in this place.
 D = Time resting spent in this place.
 E = Time spent auto-exploring this place.
 F = Levels seen in this place.
 G = Mean time per level.
                   A        B        C        D        E       F      G
               +--------+--------+--------+--------+--------+-----+--------+
         Total |  63870 |  61166 |   2704 |  32588 |  12735 |  32 | 1995.9 |
       Dungeon |  27264 |  26060 |   1204 |  12579 |   7628 |  15 | 1817.6 |
          Lair |  17603 |  16968 |    635 |   9511 |   2596 |   6 | 2933.8 |
        Shoals |   3720 |   3617 |    103 |   1776 |    561 |   4 |  930.0 |
   Spider Nest |  11147 |  10907 |    240 |   7176 |    974 |   4 | 2786.8 |
  Orcish Mines |   3381 |   2860 |    521 |   1040 |    967 |   2 | 1690.5 |
       Ossuary |    751 |    751 |      0 |    504 |      7 |   1 |  751.0 |
               +--------+--------+--------+--------+--------+-----+--------+

Top non-repeatable levels by time:
  Lair:2: 4766 daAuts
Spider:4: 3869 daAuts
  Lair:6: 3516 daAuts
Spider:3: 3206 daAuts
     D:8: 3128 daAuts
  Lair:1: 2801 daAuts
     D:9: 2744 daAuts
  Lair:3: 2499 daAuts
     D:7: 2459 daAuts
    D:14: 2380 daAuts
Spider:1: 2295 daAuts
     D:5: 2160 daAuts
  Lair:5: 2159 daAuts
    D:12: 1948 daAuts
  Lair:4: 1861 daAuts
